 Dungeon Crawl Stone Soup version 0.19-a0-36-g4a0968a (webtiles) character file.

826 namelastname112 the Skirmisher (level 7, -1/64 HPs)
             Began as a Purple Draconian Wanderer on May 4, 2016.
             Slain by Menkaure (11 damage)
             ... on level 6 of the Dungeon.
             The game lasted 00:06:29 (3539 turns).

namelastname112 the Skirmisher (DrWn)               Turns: 3539, Time: 00:06:30

Health: -1/64      AC:  7    Str: 12    XL:     7   Next: 64%
Magic:  7/7        EV: 14    Int: 15    God:
Gold:   156        SH:  0    Dex: 12    Spells: 0 memorised, 6 levels left

rFire  . . .     SeeInvis +     h - +4 short sword (drain)
rCold  . . .     Gourm    .     (armour unavailable)
rNeg   . . .     Faith    .     (no shield)
rPois  .         Spirit   .     (helmet restricted)
rElec  .         Dismiss  .     w - +0 cloak
rCorr  .         Reflect  .     (no gloves)
SustAt .         Harm     .     (no boots)
MR     +....                    (no amulet)
Stlth  ++........               (no ring)
                                c - ring of see invisible

@: about to teleport, somewhat resistant to hostile enchantments, unstealthy
A: breathe power, unfitting armour, cold-blooded, AC +6
a: Breathe Dispelling Energy


You were on level 6 of the Dungeon.
You were hungry.

You visited 1 branch of the dungeon, and saw 6 of its levels.

You collected 156 gold pieces.

Inventory:

Hand Weapons
 h - a +4 short sword of draining (weapon)
Armour
 w - a +0 cloak (worn)
Jewellery
 c - a ring of see invisible (left hand)
Scrolls
 b - a scroll of fear
 e - 2 scrolls of identify
 i - a scroll of enchant weapon {unknown}
 n - a scroll of magic mapping {unknown}
 q - 2 scrolls of teleportation
 s - a scroll of recharging {unknown}
 t - 2 scrolls of blinking {unknown}
 v - 4 scrolls of remove curse
 y - a scroll of random uselessness {unknown}
 A - a scroll of immolation
Potions
 g - a potion of haste
 j - 2 potions of heal wounds {unknown}
 k - 3 potions of might {unknown}
 m - a potion of curing
 o - a potion of brilliance
 p - a potion of flight {unknown}
 x - 2 potions of berserk rage {unknown}
 z - a potion of beneficial mutation {unknown}
Books
 d - the Reference Book on the Escort

   Spells                             Type                      Level
   a - Summon Small Mammal            Summoning                    1
   b - Recall                         Summoning/Translocation      3
Comestibles
 a - a beef jerky
 f - 5 bread rations
 l - 2 meat rations
 u - 2 fruits


   Skills:
 + Level 6.7 Fighting
 - Level 1.0 Short Blades
 - Level 1.0 Throwing
 + Level 5.5 Dodging
 - Level 2.6 Stealth
   Level 2.0 Summonings
   Level 1.0 Ice Magic


You had 6 spell levels left.
You didn't know any spells.

Dungeon Overview and Level Annotations

Branches:
Dungeon (6/15)
 Temple: D:4-7

Altars:
Makhleb
Pakellas
Qazlal
Ru
Trog
The Shining One

Shops:
D:4 =

Annotations:
D:5 Graouh's ghost, novice MiFi
D:6 Graouh's ghost, novice MiFi; Menkaure


Innate Abilities, Weirdness & Mutations

You can breathe bolts of dispelling energy.
Your rich purple scales are hard (AC +6).
Your body does not fit into most forms of armour.
You are cold-blooded and may be slowed by cold attacks.


Message History

It was a scroll of immolation.
The howler monkey barely misses you. The howler monkey closely misses you.
Read which item? (? for menu, Esc to quit)
As you read the scroll of fear, it crumbles to dust.
You assume a fearsome visage.
Menkaure is unaffected.
The howler monkey looks frightened!
Graouh's ghost is unaffected.
Read which item? (? for menu, Esc to quit)
As you read the scroll labeled GAOLOL BAESTRE, it crumbles to dust.
It is a scroll of amnesia.
You feel forgetful for a moment. Graouh's ghost completely misses you.
Read which item? (? for menu, Esc to quit)
As you read the scroll labeled QENKI DOUN, it crumbles to dust.
You feel strangely unstable.
It was a scroll of teleportation.
You have got your breath back.
Graouh's ghost closely misses you. Menkaure hits you!
* * * LOW HITPOINT WARNING * * *
You take 11 damage, and have 10/64 hp.
The howler monkey hoots and howls with incredible vigour!
Menkaure hits you!
You die...

#.............
#......#######
#.h....#
###.###......
#...........#
###'#.....###.#
#.W.(....## .#
#.M..[...# #
#@.......#
#........#
#........#
#........#
#........#
#.......[#
#........
###.#####


You could see Menkaure (inner flame), a howler monkey (inner flame) and Graouh's
ghost (inner flame).

Vanquished Creatures
  An ogre (D:5)
  2 giant frogs
  A scorpion (D:4)
  A howler monkey (D:6)
  3 orc priests
  A hound (D:5)
  Crazy Yiuf (D:4)
  A centaur skeleton (D:6)
  2 orc wizards (D:4)
  2 worker ants
  2 hound skeletons (D:4)
  A worker ant zombie (D:2)
  13 adders
  An adder zombie (D:5)
  An adder skeleton (D:4)
  3 worms
  3 dart slugs
  2 giant geckos (D:4)
  6 orcs
  4 giant cockroaches
  2 goblins
  2 hobgoblins
  3 jackals
  7 kobolds
  A quokka (D:3)
  3 ball pythons
  10 bats
  2 giant gecko skeletons
  2 giant newts
  A quokka skeleton (D:4)
  3 rats
87 creatures vanquished.

Vanquished Creatures (others)
  An orc wizard (D:4)
1 creature vanquished.

Grand Total: 88 creatures vanquished

Notes
Turn   | Place    | Note
--------------------------------------------------------------
     0 | D:1      | namelastname112 the Draconian Wanderer began the quest for the Orb.
     0 | D:1      | namelastname112 set off with: a +2 dagger, a scroll of fear, a +0 short sword, the Reference Book on the Escort, a bread ration
     0 | D:1      | Reached XP level 1. HP: 16/16 MP: 1/1
    92 | D:1      | Reached XP level 2. HP: 13/24 MP: 2/2
   115 | D:1      | Reached skill level 2 in Fighting
   535 | D:2      | Reached XP level 3. HP: 27/30 MP: 3/3
   619 | D:2      | Reached skill level 3 in Fighting
   788 | D:2      | Reached XP level 4. HP: 37/38 MP: 4/4
  1117 | D:3      | Reached skill level 4 in Fighting
  1117 | D:3      | Reached XP level 5. HP: 14/46 MP: 5/5
  1292 | D:3      | Found a stormy altar of Qazlal.
  1721 | D:3      | Found a burning altar of Makhleb.
  1721 | D:3      | Noticed a cacodemon
  1880 | D:4      | Reached XP level 6. HP: 11/53 MP: 6/6
  2155 | D:4      | Found an oddly glowing altar of Pakellas.
  2166 | D:4      | Reached skill level 5 in Fighting
  2303 | D:4      | Found Feqym's Jewellery Shoppe.
  2306 | D:4      | incide: лол, смешной волт
  2315 | D:4      | incide: прям натюрморт
  2315 | D:4      | incide: сразу видно, что случилось
  2315 | D:4      | namelastname112: пак их там распидорасил
  2372 | D:4      | Found a sacrificial altar of Ru.
  2622 | D:4      | Noticed Crazy Yiuf
  2627 | D:4      | Killed Crazy Yiuf
  2703 | D:5      | Entered Level 5 of the Dungeon
  2713 | D:5      | Your scales start taking on a rich purple colour.
  2713 | D:5      | Reached XP level 7. HP: 52/62 MP: 7/7
  2739 | D:5      | Noticed Graouh's ghost (novice MiFi)
  2765 | D:5      | Identified the Reference Book on the Escort
  2844 | D:5      | Found a bloodstained altar of Trog.
  2844 | D:5      | Found a glowing golden altar of the Shining One.
  2956 | D:5      | Reached skill level 6 in Fighting
  3114 | D:5      | Reached skill level 5 in Dodging
  3438 | D:6      | Noticed Graouh's ghost (novice MiFi)
  3482 | D:6      | incide: госты спускаются по лестницам? :о
  3487 | D:6      | incide: с каких пор
  3494 | D:6      | namelastname112: не спускаются
  3494 | D:6      | incide: или это другой
  3494 | D:6      | namelastname112: просто кто-то сплатнулся дважды
  3494 | D:6      | namelastname112: за ебаного блять мифи
  3523 | D:6      | Noticed Menkaure
  3539 | D:6      | Slain by Menkaure

Vault maps used:
D:1:      shiori_arrival_elements
D:2:      serial_undead, serial_undead_c, serial_undead_a, serial_undead_e,
          serial_undead_d
D:3:      overflow_temple_1_default, makhleb_altar_promises_db, first_bread,
          kennysheep_big_empty_room, st_stairs_8, roderic_lattice_a
D:4:      nicolae_ru_great_annihilating_truth, johnstein_pakellas_death_squad,
          serial_shops, nicolae_shop_waterfront, uniq_crazy_yiuf_cottage
D:5:      amethyst_overflow_temple_binary
D:6:      grunt_temple_overflow_open, uniq_menkaure

Skill      XL: |  1  2  3  4  5  6  7 |
---------------+----------------------+-----
Fighting       | 2 3 4 5 6 |  6.7
Dodging        | 2 3 4 5 |  5.5
Short Blades   | |  1.0
Throwing       | |  1.0
Stealth        | |  2.6
Summonings     | |  2.0
Ice Magic      | |  1.0

Action                   |  1- 3 |  4- 6 |  7- 9 || total
-------------------------+-------+-------+-------++-------
Melee: Dagger            |    20 |       |       ||    20
       Tailslap          |     6 |    12 |     8 ||    26
       Short sword       |    56 |   154 |    58 ||   268
 Abil: Breathe Dispellin |       |       |     1 ||     1
  Use: Scroll            |     4 |       |     4 ||     8
       Potion            |       |     1 |       ||     1
 Stab: Sleeping          |     1 |     6 |       ||     7
       Paralysed         |       |     1 |       ||     1
  Eat: Chunk             |       |     6 |     2 ||     8
Armor: Skin              |    34 |    32 |    18 ||    84
Dodge: Dodged            |    62 |    76 |    75 ||   213
